 Dungeon Crawl Stone Soup version 0.30-a0-223-gcb0039aa0c (webtiles) character file.

Game seed: 8649497223114967181

150 qw the Chopper (level 5, 0/32 HPs)
             Began as a Gargoyle Fighter on Oct 9, 2022.
             Slain by a sky beast (1 damage)
             ... on level 3 of the Dungeon.
             The game lasted 00:00:50 (1851 turns).

qw the Chopper (Gargoyle Fighter)                   Turns: 1851, Time: 00:00:50

Health: 0/32       AC: 14    Str: 27    XL:     5   Next: 32%
Magic:  5/5        EV:  8    Int:  9    God:
Gold:   63         SH:  4    Dex:  9    Spells: 4/4 levels left

rFire   . . .      SeeInvis .    Y - +1 war axe
rCold   . . .      Faith    .    c - +0 buckler
rNeg    + + .      Spirit   .    a - +0 chain mail
rPois   inf        Reflect  .    (no helmet)
rElec   +          Harm     .    (no cloak)
rCorr   .          Rampage  .    (no gloves)
Will    .....                    p - +0 pair of boots
Stlth   ..........               (no amulet)
HPRegen 0.25/turn                e - ring of positive energy
MPRegen 0.09/turn                l - +6 ring of strength

@: no status effects
A: sickness immunity, AC +4, negative energy resistance 1, electricity
resistance, torment resistance 1, petrification resistance
a: no special abilities


You were on level 3 of the Dungeon.
You visited 1 branch of the dungeon, and saw 3 of its levels.

You collected 99 gold pieces.
You spent 36 gold pieces at shops.


Innate Abilities, Weirdness & Mutations

You are immune to sickness and miasma.
Your stone body is resilient. (AC +4)
You are immune to poison.
You resist negative energy. (rN+)
You are resistant to electric shocks. (rElec)
You are resistant to unholy torment.
You are immune to petrification.


   Skills:
 - Level 3.2 Fighting
 + Level 4.9 Axes
 - Level 3.2 Armour
 - Level 3.2 Shields


You had 4 spell levels left.
You didn't know any spells.
Your spell library was empty.

Inventory:

Hand Weapons
 k - a +0 flail
 Y - a +1 war axe (weapon)
Armour
 a - a +0 chain mail (worn)
 c - a +0 buckler (worn)
 p - a +0 pair of boots (worn)
Jewellery
 e - a ring of positive energy (left hand)
 l - a +6 ring of strength (right hand)
 o - a ring of ice
Scrolls
 i - 2 scrolls of identify
Potions
 d - a potion of might
 f - a potion of curing {unknown}
 g - a potion of haste {unknown}
 h - a potion of invisibility {unknown}
 j - a potion of heal wounds {unknown}
 n - a potion of resistance
 q - a potion of attraction {unknown}

Dungeon Overview and Level Annotations

Branches:
Dungeon (3/15)

Altars:

Shops:
D:2 ?


Message History

The gnoll shouts!
You block the gnoll's attack.
A gnoll comes into view. It is wielding a +0 spear.
The gnoll shouts!
You hit the gnoll.
The gnoll is lightly wounded.
The gnoll barely misses you. The gnoll hits you with a +0 halberd!
The gnoll hits you but does no damage. The gnoll hits you with a +0 flail.
You hit the gnoll.
The gnoll is moderately wounded.
You slash the gnoll! The gnoll hits you but does no damage.
The gnoll closely misses you. The gnoll hits you with a +0 flail.
1842 ||| READING scroll of teleportation.
As you read the scroll of teleportation, it crumbles to dust.
You feel strangely unstable. The gnoll closely misses you. x2
The gnoll hits you from afar with a +0 spear.
You slash the gnoll!
You kill the gnoll!
You hit the gnoll but do no damage. The gnoll hits you with a +0 halberd.
The gnoll hits you from afar with a +0 spear.
You slash the gnoll!
You kill the gnoll!
Your surroundings suddenly seem different.
A sky beast comes into view.
Found 2 golden potions.
You closely miss the sky beast.
The sky beast flickers out of sight!
Deactivating autopickup; reactivate with Ctrl-A.
Something hits you. Something shocks you. You resist.
You slash something! Something hits you but does no damage.
You closely miss something. Something hits you but does no damage.
You closely miss something. Something hits you but does no damage.
Something hits you. Something shocks you. You resist.
You die...

## .# ..# #...
############
.?##.
##.....#.....
#..
##............
###.
#....!..^.....
....
#.............
##..
#.....@{......
....
#..###########
#... ##.. # ##
.. ... ### #


There were no monsters in sight!

Vanquished Creatures
  Jessica (D:3)
  2 adders (D:2)
  4 gnolls
  A worm (D:3)
  3 dart slugs (D:1)
  10 endoplasms
  A giant cockroach (D:1)
  3 goblins
  5 hobgoblins
  2 jackals (D:2)
  2 kobolds
  5 quokkas
  9 ball pythons
  2 bats (D:1)
  2 frilled lizards (D:1)
  5 rats
57 creatures vanquished.

Notes
Turn   | Place    | Note
-------+----------+-------------------------------------------
     0 | D:1      | qw the Gargoyle Fighter began the quest for the Orb.
     0 | D:1      | Reached XP level 1. HP: 14/14 MP: 1/1
     0 | D:1      | 0 ||| qw: Version: 0.2-a-17-g06abaee
     0 | D:1      | 0 ||| qw: Game counter: 2152
     0 | D:1      | 0 ||| qw: Always use a shield: true
     0 | D:1      | 0 ||| qw: God list: Okawaru
     0 | D:1      | 0 ||| qw: Allow faded altars: false
     0 | D:1      | 0 ||| qw: Do Orc after D:15 true
     0 | D:1      | 0 ||| qw: Do second Lair branch before Depths: true
     0 | D:1      | 0 ||| qw: Lair rune preference: random
     0 | D:1      | 0 ||| qw: Plans: Normal, Zot:1-4, God:TSO, Crypt, Tomb,
                  | Pan, Slime:5, Hells, Abyss, Orb
     0 | D:1      | 0 ||| PLANNING D:1-11
    33 | D:1      | 33 ||| Stepping ~*~*~tactically~*~*~ (hiding).
    42 | D:1      | Reached skill level 2 in Axes
   148 | D:1      | 148 ||| Stepping ~*~*~tactically~*~*~ (stealth).
   152 | D:1      | 152 ||| Stepping ~*~*~tactically~*~*~ (stealth).
   160 | D:1      | HP: 3/14 [quokka (3)]
   214 | D:1      | Reached XP level 2. HP: 19/19 MP: 2/2
   264 | D:1      | 264 ||| Stepping ~*~*~tactically~*~*~ (hiding).
   470 | D:1      | Reached skill level 3 in Axes
   505 | D:1      | Reached XP level 3. HP: 14/23 MP: 3/3
   586 | D:1      | 586 ||| Stepping ~*~*~tactically~*~*~ (stealth).
   605 | D:1      | 605 ||| Stepping ~*~*~tactically~*~*~ (stealth).
   701 | D:1      | Found a faded altar of an unknown god.
   873 | D:1      | 873 ||| DROPPING +1 ring mail of poison resistance.
   874 | D:1      | 874 ||| UPGRADING to +0 pair of boots.
   879 | D:1      | 879 ||| UPGRADING to ring of positive energy.
   880 | D:1      | 880 ||| UPGRADING to +6 ring of strength.
   881 | D:1      | 881 ||| READING scroll labelled WOCIR APODUFADO.
   886 | D:1      | 886 ||| READING scroll labelled ZOISTU MOBEU.
   887 | D:1      | 887 ||| READING scroll labelled VUTHRA OWOE.
   888 | D:1      | 888 ||| READING scroll labelled IHAEG IWOCHIO.
   889 | D:1      | 889 ||| READING scroll labelled BOT LIS RUU.
   890 | D:1      | 890 ||| DRINKING 2 sedimented red potions.
  1133 | D:2      | 1133 ||| DROPPING +0 club.
  1152 | D:2      | Reached XP level 4. HP: 27/28 MP: 4/4
  1198 | D:2      | Reached skill level 4 in Axes
  1300 | D:2      | Identified the +3 leather armour "Pububb" {rN++ Int-2}
  1397 | D:2      | Found Nujetzeg's Magic Scroll Emporium.
  1403 | D:2      | 1403 ||| SHOPLISTING 2 scrolls of enchant armour (180 gold,
                  | have 58).
  1403 | D:2      | 1403 ||| BUYING scroll of teleportation (36 gold).
  1403 | D:2      | Bought a scroll of teleportation for 36 gold pieces
  1403 | D:2      | 1403 ||| SHOPLISTING scroll of teleportation (36 gold, have
                  | 22).
  1446 | D:2      | 1446 ||| Stepping ~*~*~tactically~*~*~ (stealth).
  1648 | D:2      | 1648 ||| UPGRADING to +0 chain mail.
  1658 | D:2      | 1658 ||| DROPPING +0 scale mail.
  1659 | D:2      | 1659 ||| READING 2 scrolls labelled FILIHO ETHROTTOJU.
  1711 | D:3      | 1711 ||| STAIRDANCE
  1814 | D:3      | Noticed Jessica
  1817 | D:3      | Killed Jessica
  1818 | D:3      | Reached XP level 5. HP: 26/32 MP: 5/5
  1818 | D:3      | 1818 ||| FLEEEEING.
  1819 | D:3      | 1819 ||| FLEEEEING.
  1820 | D:3      | 1820 ||| FLEEEEING.
  1821 | D:3      | 1821 ||| FLEEEEING.
  1822 | D:3      | 1822 ||| FLEEEEING.
  1823 | D:3      | 1823 ||| FLEEEEING.
  1824 | D:3      | 1824 ||| FLEEEEING.
  1825 | D:3      | 1825 ||| FLEEEEING.
  1826 | D:3      | 1826 ||| FLEEEEING.
  1827 | D:3      | 1827 ||| FLEEEEING.
  1841 | D:3      | HP: 6/32 [gnoll/+0 flail (3)]
  1842 | D:3      | 1842 ||| READING scroll of teleportation.
  1843 | D:3      | HP: 2/32 [gnoll/+0 spear (1)]
  1844 | D:3      | Noticed a sky beast
  1848 | D:3      | HP: 2/32 [something (1)]
  1851 | D:3      | Slain by a sky beast

Levels and vault maps discovered:
D:1:      dpeg_arrival_fog, layout_rooms, chequers_ecumenical_altar_grove
D:2:      layout_loops_ring, serial_shops,
          nicolae_shop_temple_entry_statues_fountains, nrook_mini_vaults,
          minmay_misc_feat_nine_boxes
D:3:      layout_rooms, serial_curves, eino_curves_04, eino_curves_04,
          corexii_item_surrounded_by_moat, uniq_crazy_yiuf_cottage, uniq_jessica

Skill      XL: |  1  2  3  4 |
---------------+-------------+-----
Axes           | 2 3 4 |  4.9
Fighting       | |  3.2
Armour         | |  3.2
Shields        | |  3.2

Action                   |  1- 3 |  4- 6 || total
-------------------------+-------+-------++-------
Melee: War axe           |    97 |    60 ||   157
  Use: Scroll            |     5 |     2 ||     7
       Potion            |     1 |       ||     1
Armor: Scale mail        |    36 |    10 ||    46
       Chain mail        |       |    18 ||    18
Dodge: Dodged            |    53 |    21 ||    74
Block: Buckler           |    21 |    12 ||    33

Table legend:
 A = Non-vault XP
 B = Vault XP
 C = Vault XP percentage of total XP
 D = Non-vault monster count
 E = Vault monster count
 F = Vault count percentage of total count
                 A         B        C        D         E       F
            +---------+---------+-------+---------+---------+-------
      Total |     178 |      37 |  17.2 |      56 |       1 |   1.8
            +---------+---------+-------+---------+---------+-------
        D:1 |      62 |       0 |   0.0 |      27 |       0 |   0.0
        D:2 |      63 |       0 |   0.0 |      22 |       0 |   0.0
        D:3 |      53 |      37 |  41.1 |       7 |       1 |  12.5
            +---------+---------+-------+---------+---------+-------
